 Dungeon Crawl Stone Soup version 0.31.0-9-g3a7656b989 (webtiles) character file.

Game seed: 9480583593905113916

588372 EnegeticOcto the Wrestler (level 26, 0/247 (284) HPs)
             Began as a Troll Monk on Jan 28, 2024.
             Was the Champion of Ru.
             Slain by Ignacio
             ... wielding a +2 executioner's axe of pain
              (6 damage)
             ... in Pandemonium.
             The game lasted 02:14:59 (61517 turns).

EnegeticOcto the Wrestler (Troll Monk)             Turns: 61517, Time: 02:15:00

HP:   0/247 (284)   AC: 26    Str: 30      XL:     26   Next: 14%
MP:   21/28         EV:  6    Int:  3 (4)  God:    Ru [******]
Gold: 1482          SH: 24    Dex:  7 (8)  Spells: 30/33 levels left

rFire   + .          .
                       - Unarmed
rCold   + + .        U - +4 tower shield of Protective Custody {rC++ Regen+ Dex-4}
rNeg    . . .        k - +6 storm dragon scales
rPois   .            r - +0 hat
rElec   +            l - +2 cloak
rCorr   .            (gloves unavailable)
SInv    .            (boots unavailable)
Will    ++...        O - amulet "Yhidank" {Acrobat Rampage Regen+ Int-4} Stlth
                     u - ring of protection from fire
HPRegen 3.01/turn    L - ring of willpower
MPRegen 0.21/turn

%: acrobat, rampage
@: exhausted, studying Maces & Flails, heavily drained, unable to read, unable
to drink
A: large, unfitting armour, claws 3, regeneration 1, shaggy fur 1, tough skin 1,
inability to read after injury 2, no stealth, hated by all, inability to train
dodging, no ice magic, no necromancy magic, no alchemy magic, disrupted magic 1,
deterioration 1, weak 1, no potion heal 1, inability to drink after injury 1
}: 3/15 runes: iron, abyssal, demonic
a: Renounce Religion, Draw Out Power, Power Leap, Apocalypse


You were in Pandemonium.
You worshipped Ru.
Ru was exalted by your worship.
You visited 5 branches of the dungeon, and saw 28 of its levels.
You visited Pandemonium 1 time, and saw 10 of its levels.
You visited the Abyss 10 times.
You visited 1 ziggurat, and saw 7 of its levels.
You also visited: Ossuary.

You collected 3646 gold pieces.
You spent 2164 gold pieces at shops.

Inventory:

Hand Weapons
 n - a +3 dagger of distortion
   (You took it off Ijyb on level 3 of the Dungeon)
Missiles
 B - 84 large rocks
 R - 21 boomerangs (quivered)
 S - 39 javelins
 T - 2 throwing nets {!f}
Armour
 k - +6 storm dragon scales (worn)
   (You found it on level 2 of the Depths)
 l - a +2 cloak (worn)
   (You took it off Crazy Yiuf on level 2 of the Dungeon)
 q - the orb of Dispater {+Damnation *Corrode AC+5}
   (You took it off Dispater on level 7 of the Iron City of Dis)

   +Damnation: It grants the ability to hurl damnation at the cost of health and
   magic, with strength depending on Evocations skill.
   AC+5:      It affects your AC (+5).
   *Corrode:  It may corrode you when you take damage.
 r - a +0 hat (worn)
   (You found it in Pandemonium)
 U - the +4 tower shield of Protective Custody (worn) {rC++ Regen+ Dex-4}
   (You acquired it on level 7 of the Dungeon)

   Dex-4:     It affects your dexterity (-4).
   rC++:      It greatly protects you from cold.
   Regen+:    It increases your rate of health regeneration.
 X - the scarf of the Arcane {repulsion, Fly rC+ rN+ Will+}
   (You found it on level 5 of a ziggurat)

   rC+:       It protects you from cold.
   rN+:       It protects you from negative energy.
   Will+:     It increases your willpower.
   Fly:       It grants you flight.
Jewellery
 f - a ring of willpower
   (You took it off a fire giant on level 2 of the Depths)
 u - a ring of protection from fire (left claw)
   (You found it on level 6 of the Dungeon)
 y - the amulet "Ohiop" {Spirit Dex+4 Stlth+}
   (You took it off a tengu reaver on level 3 of the Depths)

   [amulet of guardian spirit]

   Spirit:    It causes incoming damage to be divided between your reserves of
   health and magic.
   Dex+4:     It affects your dexterity (+4).
   Stlth+:    It makes you more stealthy.
 A - a ring of fire
   (You found it in Pandemonium)
 E - a +5 ring of evasion
   (You took it off a spriggan berserker on level 2 of the Depths)
 F - a ring of protection from cold
   (You found it on level 10 of the Dungeon)
 L - a ring of willpower (right claw)
   (You found it on level 11 of the Dungeon)
 M - a +6 ring of strength
   (You found it on level 13 of the Dungeon)
 O - the amulet "Yhidank" (around neck) {Acrobat Rampage Regen+ Int-4}
   (You found it on level 3 of a ziggurat)

   [amulet of the acrobat]

   Acrobat:   It increases your evasion while moving and waiting.
   Int-4:     It affects your intelligence (-4).
   Regen+:    It increases your rate of health regeneration.
   Rampage:   It bestows one free step when moving towards enemies.
Wands
 c - a wand of mindburst (32)
   (You found it on level 9 of the Dungeon)
 m - a wand of acid (26) {@v1}
   (You took it off Ijyb on level 3 of the Dungeon)
 G - a wand of flame (31) {@v4}
   (You found it on level 2 of the Depths)
 J - a wand of polymorph (11)
   (You found it on level 11 of the Dungeon)
 Q - a wand of iceblast (32) {@v2}
   (You found it on level 13 of the Dungeon)
 W - a wand of digging (2) {@v3}
   (You bought it in a shop on level 4 of the Depths)
Scrolls
 a - 5 scrolls of blinking {@r4}
 d - 4 scrolls of fear {!r}
 g - 4 scrolls of immolation
 p - 5 scrolls of teleportation {@r3 !r}
 t - a scroll of vulnerability
 w - 3 scrolls of fog {!r}
 z - a scroll of revelation {@r5 !r}
 H - 3 scrolls of poison {!r}
 I - 2 scrolls of silence {!r}
Potions
 b - 7 potions of ambrosia
 e - 4 potions of lignification {@q6}
 h - 2 potions of attraction
 i - 2 potions of invisibility
 j - 4 potions of cancellation
 o - 3 potions of heal wounds {@q2 !q}
 s - 14 potions of curing {@q1 !q}
 v - a potion of mutation
 x - a potion of resistance
 D - 7 potions of enlightenment
 N - a potion of magic
Miscellaneous
 V - a phial of floods
   (You found it on level 14 of the Dungeon)


   Skills:
 + Level 20.3 Fighting
 + Level 13.9 Throwing
 + Level 11.6 Armour
 + Level 20.8 Shields
 - Level 23.0 Unarmed Combat
 - Level 4.0 Spellcasting
 - Level 6.8 Translocations
 - Level 5.0 Evocations


You had 30 spell levels left.
You knew the following spells:

 Your Spells              Type           Power      Damage    Failure   Level
a - Apportation           Tloc           8%         N/A       19%         1
Y - Blink                 Tloc           8%         N/A       28%         2

Your spell library contained the following spells:

 Spells                   Type           Power      Damage    Failure   Level
 Lesser Beckoning         Tloc           8%         N/A       28%         2
 Gell's Gravitas          Tloc           4%         N/A       45%         3
 Teleport Other           Tloc           4%         N/A       45%         3
 Momentum Strike          Conj/Tloc      4%         3d8       71%         2
 Manifold Assault         Tloc           4%         N/A       85%         4
 Passage of Golubria      Tloc           4%         N/A       85%         4
 Volatile Blastmotes      Fire/Tloc      4%         2d10      89%         3
 Magic Dart               Conj           0%         1d3       95%         1
 Jinxbite                 Hex            0%         N/A       98%         2
 Searing Ray              Conj           0%         2d4       98%         2
 Iskenderun's Mystic Bla  Conj/Tloc      2%         2d3       99%         4
 Dazzling Flash           Conj/Hex       0%         N/A       100%        3
 Lee's Rapid Deconstruct  Erth           0%         3d4*      100%        5
 Silence                  Hex/Air        0%         N/A       100%        5
 Bombard                  Conj/Erth      0%         9d1       100%        6
 Dispersal                Tloc           2%         N/A       100%        6
 Plasma Beam              Fire/Air       0%         2x1d10    100%        6
 Starburst                Conj/Fire      0%         6d3       100%        6
 Orb of Destruction       Conj           0%         9d5       100%        7
 Disjunction              Tloc           2%         N/A       100%        8
 Lehudib's Crystal Spear  Conj/Erth      0%         10d2      100%        8
 Maxwell's Capacitive Co  Air            0%         ∞         100%        8
 Kiss of Death            Conj/Necr      Unusable   2d5       N/A         1
 Sting                    Conj/Alch      Unusable   1d3       N/A         1
 Call Imp                 Summ           Unusable   N/A       N/A         2
 Fugue of the Fallen      Necr           Unusable   N/A       N/A         3
 Mephitic Cloud           Conj/Alch/Air  Unusable   N/A       N/A         3
 Summon Ice Beast         Ice/Summ       Unusable   N/A       N/A         3
 Fulminant Prism          Conj/Alch      Unusable   3d5       N/A         4
 Leda's Liquefaction      Alch/Erth      Unusable   N/A       N/A         4
 Martyr's Knell           Necr/Summ      Unusable   N/A       N/A         4
 Summon Lightning Spire   Summ/Air       Unusable   N/A       N/A         4
 Alistair's Intoxication  Alch           Unusable   N/A       N/A         5
 Curse of Agony           Necr           Unusable   N/A       N/A         5

Dungeon Overview and Level Annotations

Branches:
Dungeon (15/15) Zot: 23430  Temple (1/1) D:5 Zot: 5982    Lair (0/5) D:9
    Orc (0/2) D:12         Vaults (0/5) D:13         Depths (4/4) D:15 Zot: 8431
   Hell (visited)             Dis (7/7) Hell Zot: 11986     Geh (0/7) Hell
    Coc (0/7) Hell            Tar (0/7) Hell            Zot (0/5) Depths:4
Ossuary (visited)

Altars:
Ashenzari
Cheibriados
Dithmenos
Elyvilon
Gozag
Kikubaaqudgha
Makhleb
Nemelex Xobeh
Okawaru
Qazlal
Ru
Sif Muna
Trog
Uskayaw
Vehumet
Wu Jian
Xom
Zin
The Shining One

Shops:
D:7 ?   D:12 *(   D:13 (   Depths:4 :*

Portals:
Hell: Depths:1 Depths:2 Depths:3 Depths:4
Abyss: Depths:3
Pandemonium: Depths:2

Annotations:
Pan Ignacio


Innate Abilities, Weirdness & Mutations

You are too large for most types of armour.
You have claws for hands.
Your natural rate of healing is unusually fast.
You are covered in fur. (AC +1)
You have tough skin. (AC +1)
You sometimes lose the ability to read scrolls when taking damage.
You cannot be stealthy.
You are hated by all.
You cannot train Dodging skill.
You cannot study or cast Ice magic.
You cannot study or cast Necromancy magic.
You cannot study or cast Alchemy magic.
Your casting is slightly disrupted.
Your body sometimes deteriorates upon taking damage.
You are weak. (Str -2)
Potions are less effective at restoring your health.
You occasionally lose the ability to drink potions when taking damage.


Message History

Ignacio is stunned by your conviction and fails to attack.
An Executioner comes into view.
You eviscerate Ignacio!!!
Ignacio is heavily wounded.
You block Ignacio's attack. Ignacio hits you but does no damage.
You writhe in agony!
Ignacio hits you but does no damage.
You writhe in agony!
You focus your inner power and blind Ignacio in retribution!
You block Ignacio's attack.
You redirect the Executioner's attack!
Ignacio hits you but does no damage.
You writhe in agony!
You focus your inner power and blind Ignacio in retribution!
You block Ignacio's attack. x2
Ignacio hits you with a +2 executioner's axe of pain.
You writhe in agony.
You feel threatened and lose the ability to drink potions!
You catch the helpless Ignacio completely off-guard!
You eviscerate Ignacio!!!
Ignacio is severely wounded.
Ignacio begins to attack, but is stunned by your conviction!
The Executioner begins to attack, but is stunned by your conviction!
You scratch Ignacio.
Ignacio is severely wounded.
Ignacio begins to attack, but is stunned by your conviction!
Ignacio hits you but does no damage.
You writhe in agony!
Ignacio hits you with a +2 executioner's axe of pain.
You writhe in agony!
You block Ignacio's attack. x2
You closely miss Ignacio.
Ignacio is severely wounded.
Ignacio shouts, "Off with your head!" Ignacio gestures at you.
You resist with some effort. Ignacio hits you but does no damage.
You writhe in agony!
You block Ignacio's attack.
Ignacio hits you with a +2 executioner's axe of pain!
You writhe in agony!
You block Ignacio's attack.
You barely miss Ignacio.
Ignacio is severely wounded.
Ignacio gestures at you. You resist with some effort.
Ignacio hits you but does no damage. You block Ignacio's attack.
Ignacio hits you with a +2 executioner's axe of pain!
You writhe in agony!
You block Ignacio's attack.
You closely miss Ignacio.
Ignacio is severely wounded.
Ignacio hits you with a +2 executioner's axe of pain!!
* * * LOW HITPOINT WARNING * * *
You writhe in agony!
* * * LOW HITPOINT WARNING * * *
You focus your inner power and blind Ignacio in retribution!
You block Ignacio's attack. x2; Ignacio hits you but does no damage.
You writhe in agony!
* * * LOW HITPOINT WARNING * * *
The Executioner gestures.
The Executioner seems to speed up.
You block Ignacio's attack. Ignacio hits you but does no damage.
You writhe in agony!
* * * LOW HITPOINT WARNING * * *
Ignacio hits you with a +2 executioner's axe of pain!
* * * LOW HITPOINT WARNING * * *
You writhe in agony!
* * * LOW HITPOINT WARNING * * *
Ignacio hits you but does no damage.
You writhe in agony!
* * * LOW HITPOINT WARNING * * *
You cannot read scrolls in your current state!
Unknown command.
You catch the helpless Ignacio completely off-guard!
You mangle Ignacio!!
Ignacio is severely wounded.
Ignacio gestures at you. You resist with some effort.
You block the Executioner's attack. x3
You cannot drink potions in your current state!
Unknown command.
You cannot drink potions in your current state!
You cannot drink potions in your current state!
You cannot drink potions in your current state!
You cannot read scrolls in your current state!
You cannot read scrolls in your current state!
You eviscerate Ignacio!!!
Ignacio is almost dead.
Ignacio gestures at you. You resist with some effort.
You block the Executioner's attack.
The Executioner hits you but does no damage.
You block the Executioner's attack. Ignacio gestures at you.
You resist with some effort. You block the Executioner's attack. x2
The Executioner hits you but does no damage.
You closely miss Ignacio.
Ignacio is almost dead.
Ignacio barely misses you. You block Ignacio's attack. x3
You redirect the Executioner's attack!
The Executioner barely misses itself.
The Executioner hits itself but does no damage. x2
Ignacio gestures at you. You resist with some effort.
The Executioner hits you but does no damage.
You block the Executioner's attack.
The Executioner hits you but does no damage.
You redirect Ignacio's attack!
Ignacio hits you but does no damage.
You writhe in agony!
* * * LOW HITPOINT WARNING * * *
Ignacio hits you with a +2 executioner's axe of pain.
You die...

#.....#
#.....#
####.....#
#........#
#........#
#......X.#
#......1.#
#......@.#
#......1.#
#........#
#........#
#........#
#......∩.#
#....#####
#....#
#....#


You could see Ignacio (fast, blind, unable to see you), an Executioner (fast)
and a large abomination (paralysed).

Vanquished Creatures
  3 pandemonium lords
  Dispater (Dis:7)
  An ancient lich (Abyss:3)
  3 juggernauts
  Boris (Depths:2)
  31 caustic shrikes
  A shard shrike (Zig:7)
  Geryon (Hell)
  2 golden dragons
  3 bone dragons
  3 Brimstone Fiends (Pan)
  A profane servitor (Abyss:3)
  23 iron giants
  2 Tzitzimimeh (Pan)
  A shard shrike zombie (Abyss:3)
  2 tentacled monstrosities (Depths:3)
  A walking crystal tome (Depths:2)
  6 liches
  30 Hell Sentinels
  4 Ice Fiends
  A titan (Depths:2)
  17 ancient champions
  2 walking frostbound tomes
  6 Executioners (Pan)
  4 sphinxes
  The ghost of frimble the Victor of a Thousand Battles, an adept DsGl of Okawaru (Depths:3)
  Kirke (D:13)
  3 shadow dragons
  9 tentacled starspawn
  3 tengu reavers
  2 demonspawn warmongers (Pan)
  2 narguns (Zig:7)
  A storm dragon (Depths:2)
  A revenant (Zig:3)
  A draconian shifter (Abyss:2)
  14 fire giants
  A nagaraja (Zig:5)
  12 frost giants
  3 iron dragons
  A deep elf elementalist (Abyss:2)
  3 quicksilver elementals
  13 balrugs
  2 draconian scorchers (Depths:4)
  A cacodemon (Pan)
  20 very ugly things
  10 reapers
  2 draconian annihilators
  4 demonspawn blood saints (Pan)
  An ironbound preserver (D:13)
  2 spriggan defenders
  14 stone giants
  4 demonspawn corrupters (Pan)
  3 green draconians
  A dire elephant (D:15)
  A black draconian (Abyss:2)
  2 red draconians
  4 demonspawn black suns (Pan)
  A wendigo (Zig:7)
  A purple draconian (Depths:4)
  6 vampire knights
  9 spark wasps
  20 war gargoyles
  A white draconian (Depths:4)
  2 eidola
  5 lorocyprocas (Pan)
  26 iron golems
  A crystal guardian (Depths:4)
  12 blizzard demons
  10 ettins
  A merfolk javelineer (Depths:2)
  15 fire dragons
  7 green deaths
  A jiangshi (Depths:2)
  A salamander tyrant (Depths:1)
  A caustic shrike simulacrum (Abyss:2)
  10 ice dragons
  4 great orbs of eyes
  A catoblepas (D:15)
  2 hydras (D:15)
  A hell beast (Depths:1)
  11 boulder beetles
  6 rakshasas
  6 centaur warriors
  8 spriggan air magi
  A dancing weapon (Abyss:3)
  6 hell hogs
  2 two-headed ogres
  8 deep troll shamans
  8 tengu warriors
  7 vampire magi
  A naga warrior (Zig:5)
  2 death knights
  16 deep troll earth magi
  A naga sharpshooter (Zig:5)
  A shock serpent (Zig:5)
  An occultist (Depths:2)
  9 thrashing horrors
  6 demonic crawlers (Pan)
  13 hell knights
  24 soul eaters
  7 spriggan berserkers
  An alligator (shapeshifter) (Depths:3)
  68 sun demons
  A spectral spark wasp (Depths:1)
  3 shadow wraiths
  11 wretched stars
  11 crystal echidnas
  20 iron trolls
  7 sixfirhies
  3 spatial maelstroms
  28 deep trolls
  A glowing orange brain (shapeshifter) (Depths:2)
  8 glowing orange brains
  A sun moth (shapeshifter) (Depths:3)
  2 orange crystal statues (Abyss:3)
  2 naga ritualists (Zig:5)
  8 shadow demons
  A deep elf archer (D:14)
  A necromancer (Hell)
  6 phantasmal warriors
  A flayed ghost (Depths:2)
  Pikel (D:7)
  A deep elf pyromancer (D:15)
  32 large abominations
  52 starcursed masses
  A wolf spider (D:15)
  An orc knight (D:14)
  A stone giant zombie (Abyss:1)
  3 cyclopes
  15 ugly things
  A shining eye (shapeshifter) (Depths:3)
  3 worldbinders
  A cyclops (shapeshifter) (Depths:3)
  7 manticores
  2 meliai (shapeshifter)
  A dire elephant zombie (Abyss:3)
  2 apocalypse crabs (Abyss:2)
  4 rust devils
  9 orange demons
  23 smoke demons
  2 gargoyles
  3 hellions
  An unseen horror (Abyss:3)
  7 freezing wraiths
  2 dire elephant skeletons (Abyss:3)
  3 komodo dragons
  A naga skeleton (Abyss:3)
  6 ice devils
  2 kobold demonologists (D:12)
  4 tengu conjurers
  12 tormentors
  An efreet (Abyss:2)
  8 ancient zymes
  8 trolls
  5 red devils
  4 hellwings
  A minotaur skeleton (Abyss:3)
  Grinder (D:6)
  29 raiju
  A tarantella (shapeshifter) (Abyss:3)
  2 hornets (Depths:1)
  3 blink frogs (Abyss:2)
  A tengu simulacrum (Zig:7)
  2 glass eyes (Depths:2)
  3 slime creatures (D:12)
  2 spriggans (Depths:1)
  10 yaks
  5 wraiths
  2 vampires
  5 hogs (D:13)
  5 water elementals
  2 wyverns (D:8)
  12 ynoxinuls
  A fire bat (Abyss:2)
  2 steam dragons (D:9)
  5 vampire mosquitoes (D:13)
  15 neqoxecs
  7 chaos spawn
  A naga (Zig:5)
  4 acid dragons
  4 water moccasins
  An unseen horror (shapeshifter) (Depths:2)
  5 hell hounds (Abyss:1)
  16 orc warriors
  An ice beast (Abyss:3)
  8 laughing skulls
  A black bear (D:8)
  A sky beast (D:8)
  12 small abominations
  12 centaurs
  A redback (shapeshifter) (Depths:2)
  2 ogres
  A lemure (D:8)
  4 kobold brigands
  3 weeping skulls
  Blork the orc (D:6)
  A brain worm (Abyss:3)
  3 scorpions
  2 gnoll sergeants
  5 bullfrogs (D:9)
  9 wights
  9 killer bees
  7 electric eels
  2 howler monkeys (D:11)
  2 quasits (Abyss:2)
  3 centaur zombies (Ossuary)
  3 iron imps
  5 orc priests
  2 bombardier beetles
  4 jellies
  Crazy Yiuf (D:2)
  A gnoll bouda (D:4)
  Ijyb (D:3)
  2 iguanas (D:5)
  10 orc wizards
  Terence (D:2)
  3 hell rats (Depths:4)
  4 crocodile zombies (Ossuary)
  3 mummies (Ossuary)
  10 gnolls
  5 adders
  A shadow imp (D:7)
  3 white imps
  7 ufetubi
  3 dart slugs (D:1)
  36 orcs
  6 ball pythons
  11 bats
  7 endoplasms
  7 giant cockroaches
  2 gnoll zombies (Ossuary)
  10 goblins
  5 hobgoblins
  5 jackals (D:2)
  3 quokkas
  3 frilled lizards
  19 kobolds
  4 kobold zombies (Ossuary)
  5 rats
  6 starspawn tentacles
1422 creatures vanquished.

Vanquished Creatures (others)
  A caustic shrike (Dis:4)
  A Hell Sentinel (Dis:7)
  An iron giant (Dis:5)
  A tengu reaver (Depths:2)
  A fire giant (Depths:2)
  2 balrugs (Pan)
  A demonspawn blood saint (Pan)
  A very ugly thing (Depths:3)
  A wendigo (Pan)
  2 vampire knights (Depths:3)
  A war gargoyle (Dis:7)
  An ettin (Depths:1)
  A jiangshi (Depths:2)
  2 deep troll shamans (Depths:3)
  2 sun demons (Pan)
  A spriggan berserker (Depths:3)
  A smoke demon (Pan)
  An ancient zyme (Abyss:3)
  3 tormentors (Pan)
  An ice devil (Hell)
  2 nagas (Zig:5)
  An orc warrior (D:12)
  A hell rat (Hell)
  A hobgoblin (D:3)
  2 creeping infernos (Hell)
  A lurking horror (Abyss:3)
  12 starspawn tentacles
46 creatures vanquished.

Grand Total: 1468 creatures vanquished

Notes
Turn   | Place    | Note
-------+----------+-------------------------------------------
     0 | D:1      | EnegeticOcto the Troll Monk began the quest for the Orb.
     0 | D:1      | Reached XP level 1. HP: 22/22 MP: 0/0
    43 | D:1      | Reached XP level 2. HP: 29/29 MP: 1/1
   382 | D:1      | Found a faded altar of an unknown god.
   419 | D:1      | Reached XP level 3. HP: 36/36 MP: 2/2
   558 | D:2      | Reached skill level 4 in Unarmed Combat
   708 | D:2      | Found a stormy altar of Qazlal.
   714 | D:2      | Noticed Terence
   721 | D:2      | Killed Terence
   722 | D:2      | Reached skill level 3 in Fighting
   722 | D:2      | Reached XP level 4. HP: 23/45 MP: 3/3
   998 | D:2      | Found a runed translucent door.
   999 | D:2      | Noticed Crazy Yiuf
  1347 | D:2      | Killed Crazy Yiuf
  1593 | D:3      | Found a snail-covered altar of Cheibriados.
  1654 | D:3      | Noticed Ijyb
  1668 | D:3      | Killed Ijyb
  1669 | D:3      | Reached skill level 5 in Unarmed Combat
  1669 | D:3      | Reached XP level 5. HP: 27/53 MP: 4/4
  1983 | D:4      | Found a radiant altar of Vehumet.
  1989 | D:4      | Reached XP level 6. HP: 62/62 MP: 5/5
  1995 | D:4      | Reached skill level 6 in Unarmed Combat
  1999 | D:4      | Got Vehumet's Writings on Striking
  2008 | D:4      | Found an ancient bone altar of Kikubaaqudgha.
  2022 | D:4      | Found a shimmering blue altar of Sif Muna.
  2025 | D:4      | Reached skill level 4 in Fighting
  2824 | D:5      | Entered Level 5 of the Dungeon
  2894 | D:5      | Reached XP level 7. HP: 70/70 MP: 6/6
  2913 | D:5      | Found a staircase to the Ecumenical Temple.
  2919 | Temple   | Entered the Ecumenical Temple
  2930 | Temple   | Became a worshipper of Ru the Awakened
  2950 | D:5      | Gained mutation: You cannot train Dodging skill. [Ru
                  | sacrifice]
  2950 | D:5      | Reduced skill Dodging to level 0
  2950 | D:5      | Reached * piety under Ru
  3015 | D:5      | Found an ornate altar of the Wu Jian Council.
  3055 | D:5      | Reached skill level 7 in Unarmed Combat
  3702 | D:6      | Noticed Grinder
  3706 | D:6      | Paralysed by Grinder for 5 turns
  3736 | D:6      | Killed Grinder
  3737 | D:6      | Reached skill level 5 in Fighting
  3737 | D:6      | Reached skill level 8 in Unarmed Combat
  3811 | D:6      | Reached XP level 8. HP: 68/80 MP: 7/7
  3847 | D:6      | Found a sand-covered staircase.
  3855 | Ossuary  | Entered an ossuary
  4062 | D:6      | Reached skill level 9 in Unarmed Combat
  4074 | D:6      | Reached skill level 6 in Fighting
  4080 | D:6      | Reached skill level 10 in Unarmed Combat
  4083 | D:6      | Reached XP level 9. HP: 66/89 MP: 8/8
  4163 | D:6      | Found a burning altar of Makhleb.
  4164 | D:6      | Found a basalt altar of Yredelemnul.
  4164 | D:6      | Found a blossoming altar of Fedhas.
  4165 | D:6      | Found an opulent altar of Gozag.
  4165 | D:6      | Found a white marble altar of Elyvilon.
  4285 | D:6      | Noticed Blork the orc
  4292 | D:6      | Killed Blork the orc
  4663 | D:7      | Found a sparkling altar of Nemelex Xobeh.
  4673 | D:7      | Found Denanoapn's Magic Scroll Boutique.
  4679 | D:7      | Bought a scroll of blinking for 112 gold pieces
  4818 | D:7      | Reached skill level 11 in Unarmed Combat
  4963 | D:7      | Reached skill level 7 in Fighting
  4963 | D:7      | Gained mutation: You cannot be stealthy. [Ru sacrifice]
  4963 | D:7      | Reached ** piety under Ru
  5908 | D:8      | Noticed Pikel
  5920 | D:7      | Killed Pikel
  5921 | D:7      | Reached skill level 12 in Unarmed Combat
  5992 | D:8      | Found Zin's Purification Station.
  5995 | D:8      | Found a glowing silver altar of Zin.
  6053 | D:8      | Reached XP level 10. HP: 84/102 MP: 9/9
  6778 | D:9      | Reached skill level 1 in Shields
  6906 | D:9      | Reached skill level 8 in Fighting
  6908 | D:9      | Found a staircase to the Lair.
  6913 | D:9      | Reached skill level 2 in Shields
  7149 | D:9      | Reached skill level 3 in Shields
  7329 | D:9      | Reached skill level 13 in Unarmed Combat
  7460 | D:10     | Entered Level 10 of the Dungeon
  7516 | D:10     | Gained mutation: You occasionally lose the ability to read
                  | scrolls when taking damage. [Ru sacrifice]
  7516 | D:10     | Gained mutation: You sometimes lose the ability to read
                  | scrolls when taking damage. [Ru sacrifice]
  7516 | D:10     | Reached *** piety under Ru
  7780 | D:10     | Found a stormy altar of Qazlal.
  8189 | D:11     | Reached skill level 4 in Shields
  8222 | D:11     | Noticed a boulder beetle
  8231 | D:11     | Killed a boulder beetle
  8232 | D:11     | Reached XP level 11. HP: 89/113 MP: 10/10
  8364 | D:11     | Noticed a two-headed ogre
  8374 | D:11     | Killed a two-headed ogre
  8375 | D:11     | Reached skill level 9 in Fighting
  8669 | D:11     | Found a sacrificial altar of Ru.
  8698 | D:12     | Reached skill level 5 in Shields
  8993 | D:12     | Noticed a sixfirhy
  9128 | D:12     | Found Cejuxzu's Assorted Antiques.
  9289 | D:12     | Found Zasiamah's Weapon Shoppe.
  9290 | D:12     | Found a staircase to the Orcish Mines.
  9546 | D:12     | Reached skill level 6 in Shields
  9546 | D:12     | Reached skill level 14 in Unarmed Combat
  9771 | D:12     | Gained mutation: You are hated by all. [Ru sacrifice]
  9771 | D:12     | Reached **** piety under Ru
  9771 | D:12     | Reached ***** piety under Ru
  9904 | D:13     | Found Lor Axku's Weapon Shoppe.
  9965 | D:13     | Noticed a centaur warrior
  9975 | D:13     | Killed a centaur warrior
 10293 | D:13     | Reached skill level 10 in Fighting
 10364 | D:13     | Noticed a boulder beetle
 10372 | D:13     | Found a gate to the Vaults.
 10372 | D:13     | Noticed an ironbound preserver
 10377 | D:13     | Reached XP level 12. HP: 102/126 MP: 11/11
 10381 | D:13     | Noticed a centaur warrior
 10381 | D:13     | Noticed Kirke
 10383 | D:13     | Reached skill level 7 in Shields
 10384 | D:13     | Killed an ironbound preserver
 10392 | D:13     | Killed Kirke
 10398 | D:13     | Killed a centaur warrior
 10456 | D:13     | Killed a boulder beetle
 10459 | D:13     | Noticed a two-headed ogre
 10465 | D:13     | Killed a two-headed ogre
 10561 | D:13     | You fall into a shaft and drop 2 floors!
 10561 | D:15     | Entered Level 15 of the Dungeon
 10593 | D:14     | Reached skill level 15 in Unarmed Combat
 10652 | D:14     | Reached skill level 8 in Shields
 10863 | D:13     | Noticed a centaur warrior
 10874 | D:13     | Killed a centaur warrior
 11092 | D:14     | Noticed a centaur warrior
 11093 | D:14     | Noticed a centaur warrior
 11095 | D:14     | Noticed a centaur warrior
 11108 | D:14     | Killed a centaur warrior
 11112 | D:14     | Killed a centaur warrior
 11113 | D:14     | Reached skill level 11 in Fighting
 11114 | D:14     | Killed a centaur warrior
 11355 | D:14     | Identified the +0 ring mail of Decompression {Will++}
 11375 | D:14     | Found the +15 Maxwell's patent armour {-Cast -Tele rElec
                  | Will+ rCorr}
 11582 | D:7      | Bought a scroll of acquirement for 780 gold pieces
 11582 | D:7      | Acquired the +4 tower shield of Protective Custody {rC++
                  | Regen+ Dex-4}
 11829 | D:14     | Noticed a boulder beetle
 11832 | D:14     | Identified the +8 hand axe "Qeufiun" {flame, Dex+2 Stlth+}
 11839 | D:14     | Killed a boulder beetle
 11935 | D:14     | Found an iron altar of Okawaru.
 12069 | D:14     | Identified the +2 great sword of Fate {drain, rC+ Str+3}
 12080 | D:14     | Identified the +3 cloak "Jet Aded" {Rampage rF- Dex+4}
 12153 | D:14     | Reached XP level 13. HP: 122/137 MP: 12/12
 12536 | D:15     | Reached skill level 9 in Shields
 12683 | D:15     | Gained mutation: You cannot study or cast Ice magic. [Ru
                  | sacrifice]
 12683 | D:15     | Gained mutation: You cannot study or cast Alchemy magic.
                  | [Ru sacrifice]
 12683 | D:15     | Gained mutation: You cannot study or cast Necromancy magic.
                  | [Ru sacrifice]
 12851 | D:15     | Found a glowing golden altar of the Shining One.
 12950 | D:15     | Noticed a dire elephant
 12996 | D:15     | Killed a dire elephant
 13037 | D:15     | Found a staircase to the Depths.
 13516 | D:7      | Bought a scroll of teleportation for 45 gold pieces
 13516 | D:7      | Bought a scroll of identify for 30 gold pieces
 13516 | D:7      | Bought a scroll of identify for 30 gold pieces
 13707 | Depths:1 | Entered Level 1 of the Depths
 13771 | Depths:1 | Noticed a fire giant
 13779 | Depths:1 | Killed a fire giant
 13780 | Depths:1 | Reached skill level 16 in Unarmed Combat
 13809 | Depths:1 | Noticed a spark wasp
 13814 | Depths:1 | Noticed a spark wasp
 13823 | Depths:1 | Killed a spark wasp
 13824 | Depths:1 | Reached skill level 1 in Evocations
 13825 | Depths:1 | Killed a spark wasp
 13826 | Depths:1 | Reached skill level 1 in Spellcasting
 13977 | Depths:1 | Noticed an ettin
 13985 | Depths:1 | Killed an ettin
 13986 | Depths:1 | Reached skill level 12 in Fighting
 14066 | Depths:1 | Noticed a fire giant
 14071 | Depths:1 | Noticed a fire dragon
 14076 | Depths:1 | Killed a fire giant
 14077 | Depths:1 | Reached skill level 10 in Shields
 14077 | Depths:1 | Reached skill level 2 in Evocations
 14084 | Depths:1 | Killed a fire dragon
 14244 | Depths:1 | Reached skill level 2 in Spellcasting
 14497 | Depths:1 | Noticed a lich
 14515 | Depths:1 | Killed a lich
 14639 | Depths:1 | Reached skill level 3 in Evocations
 14975 | Depths:1 | Reached XP level 14. HP: 150/150 MP: 16/16
 14984 | Depths:1 | Reached skill level 1 in Armour
 15240 | Depths:1 | Reached skill level 2 in Armour
 15552 | Depths:1 | Noticed a stone giant
 15553 | Depths:1 | Noticed a sphinx
 15561 | Depths:1 | Killed a sphinx
 15643 | Depths:1 | Killed a stone giant
 15644 | Depths:1 | Reached skill level 3 in Armour
 15644 | Depths:1 | Reached skill level 11 in Shields
 15930 | Depths:1 | Reached skill level 13 in Fighting
 15981 | Depths:1 | Reached skill level 4 in Armour
 16136 | Depths:1 | Noticed a fire giant
 16199 | Depths:1 | Killed a fire giant
 16659 | Depths:1 | You fall into a shaft and drop 1 floor!
 16786 | Depths:2 | Noticed a frost giant
 16799 | Depths:2 | Killed a frost giant
 16896 | Depths:2 | Noticed a fire giant
 16903 | Depths:2 | Killed a fire giant
 16960 | Depths:2 | Reached skill level 5 in Armour
 17027 | Depths:2 | Noticed a vampire knight
 17032 | Depths:2 | Killed a vampire knight
 17033 | Depths:2 | Reached skill level 12 in Shields
 17072 | Depths:2 | Noticed a lich
 17083 | Depths:2 | Killed a lich
 17100 | Depths:2 | Noticed a walking crystal tome
 17123 | Depths:2 | Reached XP level 15. HP: 154/161 MP: 17/17
 17181 | Depths:2 | Noticed a titan
 17193 | Depths:2 | Killed a titan
 17254 | Depths:2 | Noticed a fire giant
 17266 | Depths:2 | Killed a fire giant
 17296 | Depths:2 | Noticed a caustic shrike
 17306 | Depths:2 | Killed a caustic shrike
 17377 | Depths:2 | Noticed a frost giant
 17583 | Depths:2 | Noticed a tengu reaver
 17594 | Depths:2 | Killed a tengu reaver
 17602 | Depths:2 | Killed a walking crystal tome
 17604 | Depths:2 | Noticed a fire giant
 17610 | Depths:2 | Killed a fire giant
 17611 | Depths:2 | Reached skill level 14 in Fighting
 17616 | Depths:2 | Noticed a sphinx
 17620 | Depths:2 | Noticed a sphinx
 17626 | Depths:2 | Killed a sphinx
 17638 | Depths:2 | Killed a frost giant
 18291 | Depths:2 | Noticed a storm dragon
 18313 | Depths:2 | Killed a storm dragon
 18379 | Depths:2 | Reached skill level 13 in Shields
 18471 | Depths:2 | Noticed a fire giant
 18486 | Depths:2 | Killed a fire giant
 18927 | Depths:2 | Identified the +5 flail "Nuybud" {drain, Will- rCorr Str+3}
 19185 | Depths:2 | Identified the +5 dagger of Liunt {freeze, rElec MP+9 Str+2
                  | Int+3}
 19212 | Depths:2 | Noticed a golden dragon
 19225 | Depths:2 | Killed a golden dragon
 19295 | Depths:2 | Noticed a walking frostbound tome
 19310 | Depths:2 | Killed a walking frostbound tome
 19314 | Depths:2 | Reached skill level 17 in Unarmed Combat
 19394 | Depths:2 | Noticed a frost giant
 19403 | Depths:2 | Killed a frost giant
 19578 | Depths:2 | Noticed a fire giant
 19598 | Depths:2 | Killed a fire giant
 19694 | Depths:2 | Noticed a frost giant
 19708 | Depths:2 | Reached XP level 16. HP: 141/174 MP: 18/18
 19774 | Depths:2 | Reached skill level 6 in Armour
 19860 | Depths:2 | Reached skill level 14 in Shields
 19932 | Depths:2 | Gained mutation: Your casting is slightly disrupted. [Ru
                  | sacrifice]
 19932 | Depths:2 | Reached ****** piety under Ru
 20058 | Depths:2 | Found a one-way gate leading to the halls of Pandemonium.
 20203 | Depths:2 | Noticed a tengu reaver
 20224 | Depths:2 | Killed a tengu reaver
 20280 | Depths:2 | Reached skill level 7 in Armour
 20349 | Depths:2 | Reached skill level 15 in Fighting
 20784 | Depths:2 | Found a gateway to Hell.
 20821 | Depths:2 | Reached skill level 15 in Shields
 21168 | Depths:2 | Found a one-way gate leading to the halls of Pandemonium.
 21671 | Depths:2 | Found a gateway to Hell.
 22057 | Depths:1 | Noticed a tengu reaver
 22077 | Depths:1 | Killed a tengu reaver
 22078 | Depths:1 | Reached skill level 18 in Unarmed Combat
 22404 | Depths:1 | Reached skill level 8 in Armour
 22610 | Depths:3 | Reached XP level 17. HP: 184/184 MP: 19/19
 22660 | Depths:3 | Noticed a tentacled monstrosity
 22732 | Depths:3 | Noticed Boris
 22750 | Depths:2 | Killed Boris
 23063 | Depths:3 | Killed a tentacled monstrosity
 23655 | Depths:3 | Found a one-way gate to the infinite horrors of the Abyss.
 23685 | Depths:3 | Noticed a lich
 23692 | Depths:3 | Killed a lich
 23746 | Depths:3 | Learned a level 1 spell: Apportation
 23880 | Depths:3 | Found a white marble altar of Elyvilon.
 23966 | Depths:3 | Acquired 404 gold pieces
 24018 | Depths:3 | Noticed a sphinx
 24033 | Depths:3 | Killed a sphinx
 24044 | Depths:3 | Reached skill level 1 in Translocations
 24164 | Depths:3 | Noticed a sphinx
 24175 | Depths:3 | Killed a sphinx
 24176 | Depths:3 | Reached skill level 9 in Armour
 24316 | Depths:3 | Noticed a tentacled monstrosity
 24328 | Depths:3 | Killed a tentacled monstrosity
 24329 | Depths:3 | Reached skill level 2 in Translocations
 24344 | Depths:3 | Noticed a walking frostbound tome
 24360 | Depths:3 | Killed a walking frostbound tome
 24477 | Depths:3 | Reached skill level 16 in Fighting
 24534 | Depths:3 | Reached skill level 16 in Shields
 24597 | Depths:3 | Noticed a juggernaut
 24604 | Depths:3 | Found a runed translucent gate.
 24604 | Depths:3 | Found a runed translucent gate.
 24604 | Depths:3 | Found a runed translucent gate.
 24642 | Depths:3 | Noticed frimble's ghost (adept DsGl)
 24982 | Depths:3 | Identified the amulet "Ohiop" {Spirit Dex+4 Stlth+}
 25025 | Depths:3 | Killed a juggernaut
 25268 | Depths:3 | Voluntarily entered the Abyss.
 25407 | Abyss:1  | Reached skill level 3 in Translocations
 25457 | Abyss:1  | Reached XP level 18. HP: 106/196 MP: 20/20
 25557 | Abyss:1  | Reached skill level 19 in Unarmed Combat
 25701 | Depths:3 | Escaped the Abyss
 25703 | Depths:3 | Voluntarily entered the Abyss.
 25772 | Depths:3 | Escaped the Abyss
 25782 | Depths:4 | Entered Level 4 of the Depths
 26766 | Depths:4 | Found a gate to the Realm of Zot.
 27014 | Depths:4 | Found a radiant altar of Vehumet.
 27029 | Depths:4 | Found a one-way gateway to a ziggurat.
 27164 | Depths:4 | Found Orulloh's General Store.
 27168 | Depths:4 | Bought a scroll of teleportation for 63 gold pieces
 27168 | Depths:4 | Bought a scroll of teleportation for 63 gold pieces
 27168 | Depths:4 | Bought a scroll of teleportation for 63 gold pieces
 27168 | Depths:4 | Found Ubuwnuy's Book Shoppe.
 27180 | Depths:4 | Bought a wand of digging (3) for 264 gold pieces
 27207 | Depths:4 | Noticed a bone dragon
 27231 | Depths:4 | Killed a bone dragon
 27374 | Depths:4 | Noticed a bone dragon
 27386 | Depths:4 | Reached skill level 4 in Translocations
 27406 | Depths:4 | Killed a bone dragon
 27407 | Depths:4 | Reached skill level 10 in Armour
 27520 | Depths:4 | Noticed a golden dragon
 27539 | Depths:4 | Killed a golden dragon
 27706 | Zig:1    | Entered Level 1 of a ziggurat
 27717 | Zig:1    | Reached skill level 17 in Shields
 27734 | Zig:2    | Entered Level 2 of a ziggurat
 27861 | Zig:3    | Entered Level 3 of a ziggurat
 27924 | Zig:3    | Identified the amulet "Yhidank" {Acrobat Rampage Regen+
                  | Int-4}
 27947 | Zig:4    | Entered Level 4 of a ziggurat
 27950 | Zig:4    | Noticed Tuestrame the pandemonium lord
 27950 | Zig:4    | Noticed an Ice Fiend
 27960 | Zig:4    | Killed an Ice Fiend
 27972 | Zig:4    | Killed Tuestrame the pandemonium lord
 28082 | Zig:4    | Identified the +4 quarterstaff "Jellyslayer" {drain, rC++
                  | Str-4}
 28088 | Zig:4    | Learned a level 2 spell: Blink
 28090 | Zig:5    | Entered Level 5 of a ziggurat
 28129 | Zig:5    | Identified the scarf of the Arcane {repulsion, Fly rC+ rN+
                  | Will+}
 28160 | Zig:5    | Identified the +1 flail of the Swamp {freeze, Fly rPois
                  | Str-5}
 28162 | Zig:5    | Got the Discursus on the Grim Fifth Circle
 28176 | Zig:6    | Entered Level 6 of a ziggurat
 28185 | Abyss:2  | Cast into level 2 of the Abyss (spatial maelstrom)
 28188 | Zig:6    | Escaped the Abyss
 28205 | Zig:6    | Identified the +4 mace "Xilees" {flame, ^Fragile rC+
                  | Stlth+}
 28221 | Zig:7    | Entered Level 7 of a ziggurat
 28227 | Zig:7    | Noticed a shard shrike
 28242 | Zig:7    | Paralysed by a wendigo for 1 turns
 28244 | Zig:7    | Killed a shard shrike
 28321 | Zig:7    | Got the Compendium of Sweltering Formation
 28378 | Hell     | Entered the Vestibule of Hell
 28378 | Hell     | Noticed Geryon
 28929 | Hell     | Reached skill level 17 in Fighting
 28929 | Hell     | Reached XP level 19. HP: 78/171 MP: 12/21
 29084 | Depths:4 | Reached skill level 20 in Unarmed Combat
 29936 | Depths:4 | Reached skill level 18 in Shields
 30615 | Hell     | Killed Geryon
 30678 | Hell     | Found a gateway to the Iron City of Dis.
 30738 | Hell     | Found a gateway to the ashen valley of Gehenna.
 30895 | Hell     | Found a gateway to the decaying netherworld of Tartarus.
 31051 | Hell     | Found a gateway to the freezing wastes of Cocytus.
 31333 | D:12     | Bought an agate ring for 130 gold pieces
 31433 | D:8      | Bought a potion of curing for 90 gold pieces
 31530 | D:12     | Bought a potion of enlightenment for 130 gold pieces
 31530 | D:12     | Bought a scroll of identify for 52 gold pieces
 31530 | D:12     | Bought a wand of iceblast (5) for 312 gold pieces
 31531 | D:12     | Reached XP level 20. HP: 208/208 MP: 22/22
 31532 | D:12     | Reached skill level 21 in Unarmed Combat
 31532 | D:12     | Reached XP level 21. HP: 216/216 MP: 23/23
 31533 | D:12     | Reached skill level 18 in Fighting
 31533 | D:12     | Reached XP level 22. HP: 228/228 MP: 24/24
 31727 | Dis:1    | Entered Level 1 of the Iron City of Dis
 31946 | Dis:1    | Noticed a caustic shrike
 31946 | Dis:1    | Noticed a caustic shrike
 31946 | Dis:1    | Noticed a caustic shrike
 31964 | Dis:1    | Killed a caustic shrike
 31969 | Dis:1    | Killed a caustic shrike
 31975 | Dis:1    | Killed a caustic shrike
 32231 | Dis:2    | Noticed a caustic shrike
 32231 | Dis:2    | Noticed a caustic shrike
 32231 | Dis:2    | Noticed a caustic shrike
 32231 | Dis:2    | Noticed a caustic shrike
 32231 | Dis:2    | Noticed a caustic shrike
 32231 | Dis:2    | Noticed a caustic shrike
 32231 | Dis:2    | Noticed a caustic shrike
 32232 | Dis:2    | Killed a caustic shrike
 32232 | Dis:2    | Killed a caustic shrike
 32232 | Dis:2    | Noticed a caustic shrike
 32232 | Dis:2    | Noticed a caustic shrike
 32235 | Dis:2    | Killed a caustic shrike
 32235 | Dis:2    | Noticed a caustic shrike
 32236 | Dis:2    | Noticed a caustic shrike
 32329 | Dis:2    | Killed a caustic shrike
 32436 | Dis:2    | Killed a caustic shrike
 32437 | Dis:2    | Reached skill level 4 in Evocations
 32489 | Dis:2    | Killed a caustic shrike
 32608 | Dis:2    | Killed a caustic shrike
 32612 | Dis:2    | Killed a caustic shrike
 32627 | Dis:2    | Killed a caustic shrike
 32783 | Dis:2    | Killed a caustic shrike
 32950 | Dis:2    | Killed a caustic shrike
 34526 | Dis:3    | Noticed a caustic shrike
 34526 | Dis:3    | Noticed a caustic shrike
 34527 | Dis:3    | Noticed a caustic shrike
 34528 | Dis:3    | Noticed a caustic shrike
 34528 | Dis:3    | Noticed a caustic shrike
 34531 | Dis:4    | Noticed a caustic shrike
 34531 | Dis:4    | Noticed a caustic shrike
 34531 | Dis:4    | Noticed a caustic shrike
 34553 | Dis:4    | Killed a caustic shrike
 34607 | Dis:4    | Killed a caustic shrike
 34899 | Dis:4    | Killed a caustic shrike
 35006 | Dis:4    | Killed a caustic shrike
 35007 | Dis:4    | Reached XP level 23. HP: 147/249 MP: 25/25
 35459 | Dis:4    | Killed a caustic shrike
 35460 | Dis:4    | Reached skill level 5 in Evocations
 36328 | Dis:5    | Reached skill level 19 in Shields
 37453 | Dis:6    | Noticed a caustic shrike
 37453 | Dis:6    | Noticed a caustic shrike
 37453 | Dis:6    | Noticed a caustic shrike
 37456 | Dis:7    | Entered Level 7 of the Iron City of Dis
 37462 | Dis:7    | Killed a caustic shrike
 37993 | Dis:7    | Reached skill level 22 in Unarmed Combat
 38764 | Dis:7    | Noticed a caustic shrike
 38779 | Dis:7    | Killed a caustic shrike
 38909 | Dis:7    | Noticed a juggernaut
 38942 | Dis:7    | Killed a juggernaut
 39142 | Dis:7    | Got Sif Muna's Compendium of the Tesseract
 39165 | Dis:7    | Identified the staff "Faomasae" {rElec rPois Stlth+
                  | Alchemy}
 39177 | Dis:7    | Identified the +8 hand axe "Fiysyree" {vamp, +Blink rPois
                  | Int+3}
 39501 | Dis:7    | Noticed a caustic shrike
 39563 | Dis:7    | Noticed a caustic shrike
 39575 | Dis:7    | Killed a caustic shrike
 39576 | Dis:7    | Reached skill level 19 in Fighting
 39907 | Dis:7    | Reached skill level 3 in Spellcasting
 40329 | Dis:7    | Killed a caustic shrike
 41170 | Dis:7    | Noticed a caustic shrike
 41177 | Dis:7    | Killed a caustic shrike
 41888 | Dis:7    | Reached skill level 5 in Translocations
 42389 | Dis:7    | Noticed a caustic shrike
 42407 | Dis:7    | Killed a caustic shrike
 42555 | Dis:7    | Noticed a caustic shrike
 42568 | Dis:7    | Killed a caustic shrike
 42603 | Dis:7    | Noticed a caustic shrike
 42608 | Dis:7    | Killed a caustic shrike
 45185 | Dis:7    | Reached skill level 4 in Spellcasting
 45825 | Dis:7    | Noticed a caustic shrike
 45825 | Dis:7    | Noticed a caustic shrike
 45825 | Dis:7    | Noticed a caustic shrike
 45827 | Dis:7    | Noticed a caustic shrike
 45855 | Dis:7    | Killed a caustic shrike
 45856 | Dis:7    | Reached XP level 24. HP: 103/254 MP: 28/28
 45859 | Dis:7    | Reached skill level 6 in Translocations
 50356 | Dis:7    | Reached skill level 20 in Shields
 52145 | Dis:7    | Noticed a juggernaut
 52168 | Dis:7    | Killed a juggernaut
 52462 | Dis:7    | Noticed Dispater
 52524 | Dis:7    | Killed Dispater
 52599 | Dis:7    | Got an iron rune of Zot
 52600 | Dis:7    | Identified the +6 scale mail "Nojaggiakk" {Will+ Str+6
                  | Slay+3}
 52601 | Dis:7    | Identified the staff of Extremism {Fly rN+ Necro Fire}
 52650 | Dis:7    | Identified the staff of Gozag's Vengeance {rC+ rN+ Str+5
                  | Ice}
 52852 | Depths:3 | Killed frimble's ghost
 52898 | Depths:3 | Voluntarily entered the Abyss.
 53046 | Abyss:2  | Reached skill level 1 in Throwing
 53066 | Abyss:2  | Reached skill level 2 in Throwing
 53138 | Abyss:2  | Reached skill level 3 in Throwing
 53227 | Abyss:2  | Reached skill level 4 in Throwing
 53258 | Depths:3 | Escaped the Abyss
 53260 | Depths:3 | Voluntarily entered the Abyss.
 53326 | Depths:3 | Escaped the Abyss
 53328 | Depths:3 | Voluntarily entered the Abyss.
 53480 | Abyss:2  | Reached skill level 5 in Throwing
 53631 | Abyss:2  | Gained mutation: You are weak. (Str -2) [a neqoxec]
 53658 | Abyss:2  | Reached skill level 6 in Throwing
 53707 | Depths:3 | Escaped the Abyss
 53726 | Depths:3 | Voluntarily entered the Abyss.
 53731 | Abyss:2  | Lost intelligence.
 53753 | Abyss:2  | Paralysed by accursed screaming for 1 turns
 53811 | Depths:3 | Escaped the Abyss
 53818 | Depths:3 | Voluntarily entered the Abyss.
 53935 | Abyss:3  | Found a corrupted altar of Lugonu.
 53943 | Abyss:3  | Reached skill level 7 in Throwing
 54125 | Abyss:3  | Reached skill level 8 in Throwing
 54173 | Depths:3 | Escaped the Abyss
 54201 | Depths:3 | Voluntarily entered the Abyss.
 54201 | Abyss:3  | Found a corrupted altar of Lugonu.
 54255 | Abyss:3  | Noticed an ancient lich
 54267 | Abyss:3  | Killed an ancient lich
 54289 | Abyss:3  | Reached skill level 9 in Throwing
 54345 | Depths:3 | Escaped the Abyss
 54348 | Depths:3 | Voluntarily entered the Abyss.
 54371 | Abyss:3  | Found a corrupted altar of Lugonu.
 54405 | Abyss:3  | Found a corrupted altar of Lugonu.
 54436 | Abyss:3  | Found a corrupted altar of Lugonu.
 54493 | Abyss:3  | Found a transporter.
 54676 | Abyss:3  | Reached skill level 10 in Throwing
 54731 | Abyss:3  | Found a corrupted altar of Lugonu.
 54763 | Abyss:3  | Gained mutation: Potions are less effective at restoring
                  | your health. [a neqoxec]
 54859 | Abyss:3  | Got an abyssal rune of Zot
 54915 | Abyss:3  | Found a corrupted altar of Lugonu.
 54949 | Abyss:3  | Reached skill level 11 in Throwing
 54961 | Abyss:3  | Reached XP level 25. HP: 239/268 MP: 19/28
 54980 | Abyss:3  | Found a corrupted altar of Lugonu.
 55106 | Depths:3 | Escaped the Abyss
 55185 | Pan      | Entered Pandemonium
 55414 | Pan      | Noticed Voodoath the pandemonium lord
 55436 | Pan      | Killed Voodoath the pandemonium lord
 55437 | Pan      | Reached skill level 12 in Throwing
 56938 | Pan      | Reached skill level 23 in Unarmed Combat
 56943 | Pan      | Noticed Luxkeshronti the pandemonium lord
 57129 | Pan      | Entered the realm of Mnoleg.
 58430 | Pan      | Reached skill level 13 in Throwing
 59385 | Pan      | Reached skill level 20 in Fighting
 59420 | Pan      | Reached skill level 11 in Armour
 59843 | Pan      | Noticed Xisiwuo the pandemonium lord
 59862 | Pan      | Paralysed by you for 1 turns
 59871 | Pan      | Killed Xisiwuo the pandemonium lord
 60106 | Pan      | Got a demonic rune of Zot
 60378 | Pan      | Reached XP level 26. HP: 206/276 MP: 24/28
 61115 | Pan      | Noticed Wochul the pandemonium lord
 61251 | Pan      | Gained mutation: You occasionally lose the ability to drink
                  | potions when taking damage. [a neqoxec]
 61260 | Pan      | Gained mutation: Your body sometimes deteriorates upon
                  | taking damage. [a neqoxec]
 61502 | Pan      | Noticed Ignacio
 61514 | Pan      | HP: 8/247 [Ignacio/+2 executioner's axe of pain (7)]
 61517 | Pan      | Slain by Ignacio

Illustrated notes

Levels and vault maps discovered:
D:1:      dpeg_arrival_connections, layout_rooms,
          shapermc_ecumenical_altar_pompeii, amcnicky_mini_pool_small
D:2:      layout_basic, basic_altar, guppyfry_early_orc_mine,
          uniq_crazy_yiuf_cottage, uniq_terence
D:3:      layout_basic, chei_slow_surprise, nicolae_underground_beach, uniq_ijyb
D:4:      layout_gridville, palyth_temple_overflow_mages, nicolae_the_louvre
D:5:      layout_basic, nicolae_wu_jian_glorious_leap,
          minmay_temple_entry_enclosed_plants
D:6:      layout_loops_ring, grunt_temple_overflow_open,
          nicolae_ossuary_entry_plus, uniq_grinder, uniq_blork_the_orc
D:7:      layout_basic, kennysheep_mini_moat, serial_shops, shop, minivault_14,
          nicolae_zen_rock_garden, chequers_big_river
D:8:      layout_loops_corners, zin_purify, uniq_pikel
D:9:      layout_basic, due_lair_maze_entry_diamond
D:10:     layout_roguey, mainiacjoe_overflow_surrounded_room
D:11:     layout_gridville, nicolae_ru_path_of_blood
D:12:     layout_basic, orc_david_3, serial_shops,
          nicolae_shop_overgrown_old_shop, hangedman_decor_clover_reticule
D:13:     layout_loops_ring, skrybe_vaults_entry_preservation, serial_shops,
          shop, uniq_kirke
D:14:     evilmike_iron_armoury, layout_basic
D:15:     hangedman_depths_entry_try_elsewhere_first, layout_small_grid,
          tso_metal_star
Temple:   hellmonk_temple_rainy
Depths:1: layout_gridlike, grunt_mini_vestibule, hangedman_decor_riveting,
          minmay_misc_feat_cross, st_stairs_14, kennysheep_two_boxes,
          grunt_megastairs_3
Depths:2: hangedman_box_tower, layout_cave_pools, rand_demon_pan_entry_3,
          hangedman_decor_slide_cut, grunt_hell_entry_dis_old,
          serial_bayou_shore_b
Depths:3: kennysheep_snake, layout_cave_shapes, small_statue_intersection,
          ebering_ghost_rock_garden, hangedman_tar_grid_catacomb, abyss_entry,
          elyvilon_altar_4, uniq_boris, uniq_josephina
Depths:4: grunt_zot_entry_pinwheel, layout_cave_shapes, enter_ziggurat_a,
          vehumet_crystals, hell_entry, nicolae_triple_integral,
          minmay_shoptagon
Hell
Dis:1:    layout_subdivisions
Dis:2:    layout_regular_city
Dis:3:    layout_regular_city
Dis:4:    layout_overlapping_boxes
Dis:5:    layout_jigsaw, nicolae_dis_bowling_alley
Dis:6:    layout_regular_city
Dis:7:    dis_st
Pan:      evilmike_mini_pan_3x3, layout_irregular_city,
          evilmike_mini_pan_corridor, layout_gridlike, grunt_pan_in_and_out,
          layout_basic, rand_demon_8, layout_cellular_growth,
          pan_blood_fountain_small, mnoleg, layout_basic,
          nicolae_pan_gloorx_vloqian_3, grunt_pan_in_and_out, layout_small_grid,
          reaverb_pan_chaos_star, rand_demon_5, layout_grid_shapes,
          pan_blood_fountain, lemuel_hall_of_pain, layout_grid_shapes,
          nicolae_pan_gloorx_vloqian_4, grunt_pan_pentagram, layout_basic,
          regret_index_pan_draining_boxed, layout_cellular_growth, uniq_ignacio

Skill      XL: |  1  2  3  4  5  6  7  8  9 10 11 12 13 14 15 16 17 18 19 20 21 22 23 24 25 |
---------------+----------------------------------------------------------------------------+-----
Unarmed Combat | 4 5 6 8 10 12 13 14 15 16 17 18 19 20 21 22 23 | 23.0
Fighting       | 3 4 5 6 7 8 10 11 12 13 14 15 16 17 18 19 20 | 20.3
Dodging        | 0 |  0.0
Shields        | 4 6 8 10 12 13 15 16 17 18 19 20 | 20.8
Evocations     | 3 4 5 |  5.0
Spellcasting   | 2 4 |  4.0
Armour         | 5 8 9 10 11 | 11.6
Translocations | 3 4 5 6 |  6.8
Throwing       | 11 13 | 13.9

Action                     |  1- 3 |  4- 6 |  7- 9 | 10-12 | 13-15 | 16-18 | 19-21 | 22-24 | 25-27 || total
---------------------------+-------+-------+-------+-------+-------+-------+-------+-------+-------++-------
  Melee: Unarmed           |    73 |   120 |   205 |   510 |   729 |  1167 |   329 |  2154 |   955 ||  6242
  Throw: Large rock        |       |       |    11 |     2 |    11 |       |       |       |       ||    24
         Boomerang         |       |       |       |       |    13 |       |       |     9 |   186 ||   208
         Dart              |       |       |       |       |     1 |     2 |       |       |       ||     3
         Throwing net      |       |       |       |       |       |       |       |     9 |       ||     9
   Cast: Blink             |       |       |       |       |       |       |       |     1 |       ||     1
 Invoke: Sacrifice Nimblen |       |       |     1 |       |       |       |       |       |       ||     1
         Sacrifice Stealth |       |       |     1 |       |       |       |       |       |       ||     1
         Sacrifice Words   |       |       |       |     1 |       |       |       |       |       ||     1
         Sacrifice Love    |       |       |       |     1 |       |       |       |       |       ||     1
         Power Leap        |       |       |       |     2 |     7 |     3 |     5 |     2 |     1 ||    20
         Apocalypse        |       |       |       |     1 |     3 |     5 |       |     3 |     2 ||    14
         Draw Out Power    |       |       |       |       |     4 |     3 |       |     6 |     1 ||    14
         Sacrifice Arcana  |       |       |       |       |     1 |       |       |       |       ||     1
         Sacrifice Essence |       |       |       |       |       |     1 |       |       |       ||     1
  Evoke: Wand              |       |       |       |     2 |    22 |    11 |     2 |    15 |     4 ||    56
         Phial of floods   |       |       |       |       |     1 |       |       |       |       ||     1
    Use: Scroll            |       |     8 |     2 |     7 |    13 |     6 |     2 |    11 |     7 ||    56
         Potion            |       |       |       |       |     5 |     3 |     5 |    10 |     5 ||    28
   Stab: Distracted        |       |       |     1 |     1 |     3 |     7 |     3 |     5 |     4 ||    24
         Paralysed         |       |       |       |     2 |    11 |    15 |    14 |    55 |     1 ||    98
         Invisible         |       |       |       |     1 |     5 |     6 |     4 |    17 |     5 ||    38
         Held in net/web   |       |       |       |       |       |       |       |     4 |       ||     4
         Confused          |       |       |       |       |       |       |       |     1 |       ||     1
         Petrifying        |       |       |       |       |       |       |       |     1 |       ||     1
         Petrified         |       |       |       |       |       |       |       |     1 |       ||     1
 Armour: Robe              |    57 |    70 |   177 |   139 |       |       |       |       |       ||   443
         Troll leather arm |       |       |       |   203 |   115 |       |       |       |       ||   318
         Acid dragon scale |       |       |       |       |   300 |       |       |       |       ||   300
         Storm dragon scal |       |       |       |       |    58 |   652 |   262 |   571 |   390 ||  1933
         Skin              |       |       |       |       |       |       |       |       |    24 ||    24
  Dodge: Dodged            |    42 |    49 |    89 |   162 |   107 |   147 |    52 |   163 |    97 ||   908
  Block: Kite shield       |       |       |       |   242 |       |       |       |       |       ||   242
         Tower shield      |       |       |       |    24 |   578 |   821 |   353 |  1111 |   643 ||  3530

Table legend:
 A = Kills in this place as a percentage of kills in the entire game.
 B = Kills by you in this place as a percentage of kills by you in the entire game.
 C = Kills by friends in this place as a percentage of kills by friends in the entire game.
 D = Other kills in this place as a percentage of other kills in the entire game.
 E = Experience gained in this place as a percentage of experience gained in the entire game.
 F = Experience gained in this place divided by the number of levels of this place that you have seen.
                   A       B       C       D       E      F
               +-------+-------+-------+-------+-------+----------------------
         Total | 100.0 | 100.0 |   N/A | 100.0 | 100.0 | 16828.1
       Dungeon |  23.4 |  23.6 |   N/A |   5.6 |   4.8 | 3207.7
        Depths |  25.2 |  24.8 |   N/A |  55.6 |  31.9 | 79059.2
          Hell |   1.5 |   1.6 |   N/A |   0.0 |   2.0 | 19973.0
           Dis |  11.8 |  11.7 |   N/A |  22.2 |  26.6 | 37686.7
         Abyss |  18.4 |  18.6 |   N/A |   5.6 |  12.1 | 9205.6
   Pandemonium |  16.3 |  16.4 |   N/A |  11.1 |  19.3 | 19147.2
      Ziggurat |   2.2 |   2.2 |   N/A |   0.0 |   3.4 | 4753.9
       Ossuary |   1.1 |   1.1 |   N/A |   0.0 |   0.0 | 303.0
               +-------+-------+-------+-------+-------+----------------------
